 Dungeon Crawl Stone Soup version 0.29-a0-542-g075992c915 (webtiles) character file.

Game seed: 5470243309559742319

209 oldriver the Skirmisher (level 5, 0/47 HPs)
             Began as a Palentonga Delver on June 4, 2022.
             Slain by a basilisk (7 damage)
             ... on level 4 of the Dungeon.
             The game lasted 00:04:35 (4040 turns).

oldriver the Skirmisher (Palentonga Delver)         Turns: 4040, Time: 00:04:36

Health: 0/47       AC:  5    Str: 18    XL:     5   Next: 55%
Magic:  5/5        EV:  5    Int: 10    God:
Gold:   125        SH:  0    Dex: 11    Spells: 4/4 levels left

rFire   . . .      SeeInvis +   l - +2 hand axe (elec)
rCold   . . .      Faith    .   (no shield)
rNeg    . . .      Spirit   .   b - +0 leather armour
rPois   .          Reflect  .   (no helmet)
rElec   .          Harm     .   (no cloak)
rCorr   .          Rampage  .   j - +0 pair of gloves
Will    .....                   (no barding)
Stlth   ++........              (no amulet)
HPRegen 0.15/turn               (no ring)
MPRegen 0.09/turn               (no ring)

@: petrifying, very slow
A: large, rugged brown scales 3, see invisible, deformed body, roll 1, armoured
tail
a: Rolling Charge


You were on level 4 of the Dungeon.
You visited 1 branch of the dungeon, and saw 6 of its levels.

You collected 125 gold pieces.

Inventory:

Hand Weapons
 l - a +2 hand axe of electrocution (weapon)
Missiles
 h - 2 poisoned darts
Armour
 b - a +0 leather armour (worn)
 j - a +0 pair of gloves (worn)
Wands
 g - a wand of digging (2)
Scrolls
 c - a scroll of fog
 d - 2 scrolls of identify
 e - 2 scrolls of fear
 f - a scroll of magic mapping
 m - 3 scrolls of torment {unknown}
 n - 2 scrolls of teleportation {unknown}
 p - a scroll of amnesia {unknown}
Potions
 a - a potion of degeneration {unknown}
 k - a potion of mutation {unknown}
 o - a potion of brilliance {unknown}
 q - 2 potions of ambrosia {unknown}
 r - a potion of resistance {unknown}
 s - a potion of heal wounds {unknown}
 t - a potion of attraction {unknown}


   Skills:
 + Level 5.2 Fighting
 * Level 4.1 Axes
 - Level 1.5 Dodging
 - Level 3.3 Stealth


You had 4 spell levels left.
You didn't know any spells.
Your spell library contained the following spells:

 Spells                   Type           Power      Damage    Failure   Level
 Summon Small Mammal      Summ           0%         N/A       41%         1
 Call Canine Familiar     Summ           0%         N/A       80%         3
 Portal Projectile        Hex/Tloc       0%         N/A       80%         3
 Summon Guardian Golem    Hex/Summ       0%         N/A       80%         3
 Leda's Liquefaction      Hex/Erth       0%         N/A       99%         4


Dungeon Overview and Level Annotations

Branches:
Dungeon (6/15)
 Temple: D:4-7

Altars:

Shops:
D:3 (


Innate Abilities, Weirdness & Mutations

You are completely covered in rugged brown scales. (AC +3, +7% HP)
You have supernaturally acute eyesight. (SInv)
Armour fits poorly on your strangely shaped body.
You can roll at nearby foes to attack.
You have a long armoured tail.


Message History

The basilisk bites you but does no damage.
The basilisk barely misses you.
Your limbs are stiffening.
You hit the basilisk but do no damage. Your punch misses the basilisk.
The basilisk is heavily wounded.
The basilisk bites you but does no damage.
You have turned to stone.
The basilisk bites you! x2
The basilisk gazes at you. The basilisk gazes at you.
You resist with significant effort.
The basilisk bites you but does no damage.
The basilisk bites you!
An orc comes into view. It is wielding a +0 trident.
The basilisk bites you.
An orc comes into view. It is wielding a +0 whip.
The basilisk barely misses you. The basilisk bites you.
The basilisk gazes at you. You resist with significant effort.
You turn to flesh and can move again.
You hit the basilisk but do no damage.
The basilisk is heavily wounded.
The basilisk bites you!
You completely miss the basilisk.
The basilisk is heavily wounded.
The basilisk gazes at you. You resist with significant effort.
An orc wizard comes into view. It is wielding a +2 dagger of speed.
The basilisk attacks as you move away! The basilisk bites you.
* * * LOW HITPOINT WARNING * * *
An orc comes into view. It is wielding a +0 hand axe.
The orc shouts!
The orc moves out of view.
The basilisk gazes at you.
You are slowing down.
There is a stone staircase leading up here.
The orc hits you from afar with a +0 trident.
* * * LOW HITPOINT WARNING * * *
The basilisk bites you!
You die...

.h......# .... ..#
#.###....>..#
#.#####.o.o.# ..#.#
#........)###.###.#
#####.............##
#.#..........>.#
#.#oo..........#
#.#l.####.####.#
######.#@.# #.# ##.#
#........(# #..#
#.####.##.## #.##
#.# #.....# #.# #.#
####.## # ###.###
#.# #.# #.#.....#
#.# #<# #.#.###.###
#.# #.# #..)# ...
#.# #.# ###.###.##.


You could see a basilisk, an orc wizard (wandering) and 3 orcs.

Vanquished Creatures
  A howler monkey (D:6)
  2 orc priests (D:3)
  Ijyb (D:2)
  2 worms (D:3)
  A dart slug (D:2)
  7 orcs (D:3)
  11 endoplasms
  2 giant cockroaches
  6 goblins
  4 hobgoblins
  4 jackals (D:3)
  4 quokkas
  6 ball pythons
  3 bats
  3 frilled lizards
  8 kobolds
  4 rats
69 creatures vanquished.

Vanquished Creatures (others)
  6 plants
6 creatures vanquished.

Grand Total: 75 creatures vanquished

Notes
Turn   | Place    | Note
-------+----------+-------------------------------------------
     0 | D:5      | oldriver the Palentonga Delver began the quest for the Orb.
     0 | D:5      | Reached XP level 1. HP: 19/19 MP: 1/1
    32 | D:5      | Noticed a water moccasin
    32 | D:5      | Noticed a necrophage
    92 | D:6      | Noticed a howler monkey
   101 | D:6      | Killed a howler monkey
   102 | D:6      | Reached skill level 4 in Fighting
   102 | D:6      | Reached XP level 2. HP: 21/27 MP: 2/2
   102 | D:6      | Reached XP level 3. HP: 26/33 MP: 3/3
   643 | D:3      | Found Yrphasamm's Weapon Shop.
   770 | D:3      | HP: 1/33 [worm (5)]
  1442 | D:1      | Reached XP level 4. HP: 40/40 MP: 4/4
  2729 | D:2      | Found a faded altar of an unknown god.
  3220 | D:3      | Reached skill level 5 in Fighting
  3220 | D:3      | Reached XP level 5. HP: 15/47 MP: 5/5
  3220 | D:3      | HP: 1/47 [orc priest/divine providence (14)]
  3550 | D:3      | Noticed Ijyb
  3742 | D:2      | Killed Ijyb
  4009 | D:4      | Noticed a black bear
  4016 | D:4      | Noticed a basilisk
  4016 | D:4      | a black bear changed into a basilisk
  4040 | D:4      | Slain by a basilisk

Illustrated notes

Levels and vault maps discovered:
D:1:      grunt_arrival_crossed_arrows, layout_loops_cross, serial_aquarium,
          aquarium_bridge_straight [aquarium_subvault_bridge,
          aquarium_subvault_balcony, aquarium_subvault_bridge,
          aquarium_subvault_window], aquarium_bridge_straight
          [aquarium_subvault_bridge, aquarium_subvault_balcony,
          aquarium_subvault_bridge, aquarium_subvault_wall], aquarium_window_2,
          aquarium_window_fake, aquarium_window_fake, aquarium_window_double,
          aquarium_view_2d, aquarium_view_2d, aquarium_balcony_3a
D:2:      layout_loops_cross, dilly_ecumenical_altar_fadedgnrine,
          guppyfry_early_lair_pool
D:3:      layout_basic, serial_shops, nicolae_shop_bloodbath_and_beyond,
          uniq_ijyb
D:4:      layout_loops_ring
D:5:      cheibrodos_fzero, layout_basic
D:6:      layout_rooms, serial_shops, nicolae_shop_overgrown_old_shop,
          minmay_crystal_room, minmay_crossroads

Skill      XL: |  1  2  3  4  5 |
---------------+----------------+-----
Fighting       | 4 5 |  5.2
Axes           | 3 4 |  4.1
Dodging        | |  1.5
Stealth        | |  3.3

Action                   |  1- 3 |  4- 6 || total
-------------------------+-------+-------++-------
Melee: Hand axe          |    64 |   106 ||   170
       Tailslap          |     7 |    12 ||    19
 Abil: Rolling Charge    |     8 |    18 ||    26
Evoke: Wand              |     1 |     1 ||     2
  Use: Scroll            |     3 |     1 ||     4
       Potion            |     1 |     1 ||     2
 Stab: Sleeping          |     2 |     2 ||     4
Armor: Leather armour    |    18 |    24 ||    42
Dodge: Dodged            |    28 |    26 ||    54

Table legend: (Time is in decaauts)
 A = Elapsed time spent in this place.
 B = Non-inter-level travel time spent in this place.
 C = Inter-level travel time spent in this place.
 D = Time resting spent in this place.
 E = Time spent auto-exploring this place.
 F = Levels seen in this place.
 G = Mean time per level.
                   A        B        C        D        E       F      G
               +--------+--------+--------+--------+--------+-----+--------+
         Total |   4037 |   3892 |    145 |   1304 |   1843 |   6 |  672.8 |
       Dungeon |   4037 |   3892 |    145 |   1304 |   1843 |   6 |  672.8 |
               +--------+--------+--------+--------+--------+-----+--------+

Top non-repeatable levels by time:
     D:3: 1533 daAuts
     D:1: 1193 daAuts
     D:2: 912 daAuts
     D:4: 198 daAuts
     D:6: 128 daAuts
     D:5: 72 daAuts
